[ AOE2 MATCH · #473306206 ]
Team RMItalians vs Sicilians
[ REPLAY ANALYSIS · EXTRACTED FROM THE RECORDED GAME ]
Feudal
11:11
Castle
18:21
Imperial
35:20
| APM avg | 37.1 |
| APM peak | 66 |
| eAPM avg | 19.7 |
| Villagers / military | 92 / 57 |
Focus
⚔️ 25.0% · 🌾 75.0%
Archer ×30 · Genoese Crossbowman ×9 · Mangonel ×6 · Scorpion ×6 · Battering Ram ×3 · Monk ×2
Feudal
12:23
Castle
24:34
Imperial
—
| APM avg | 20.4 |
| APM peak | 39 |
| eAPM avg | 13.4 |
| Villagers / military | 109 / 26 |
Focus
⚔️ 19.5% · 🌾 80.5%
Archer ×13 · Longbowman ×11 · Mangonel ×2
Feudal
11:34
Castle
15:29
Imperial
28:40
| APM avg | 25.9 |
| APM peak | 45 |
| eAPM avg | 17.4 |
| Villagers / military | 135 / 3 |
Focus
⚔️ 26.2% · 🌾 73.8%
Unknown (1911) ×98 · Iron Pagoda ×3
Feudal
9:29
Castle
22:52
Imperial
33:17
| APM avg | 35.5 |
| APM peak | 74 |
| eAPM avg | 19.1 |
| Villagers / military | 105 / 35 |
Focus
⚔️ 28.7% · 🌾 71.3%
Knight ×16 · Serjeant ×14 · Militia ×4 · Spearman ×1
Match map
Initial resources + every placement click. Lines = walls · curves = elevation contours. ◆ gold · ⬟ stone · ● berries · ✦ relic · ◌ wall gap
Your base· ✓ Closed at 18:21 · 10t walls · no gate
ike's base· ✓ Closed at 24:34 · 56t walls · no gate
Skull's base· ✓ Closed at 15:29 · 27t walls · no gate
Nasup's base· ✓ Closed at 22:52 · 37t walls · no gate
Smoothed initial terrain · ◌ = detected wall gap · hover for details
Inputs per minute
— Theresallwaysahole - - ike
Build order — Theresallwaysahole
First 150 of 221 actions detected
| 0:02 | Create | Villager (Male) |
| 0:02 | Create | Villager (Male) |
| 0:03 | Build | House |
| 0:04 | Build | House |
| 0:37 | Create | Villager (Male) |
| 0:54 | Create | Villager (Male) |
| 1:32 | Create | Villager (Male) |
| 2:02 | Build | Lumber Camp |
| 2:04 | Create | Villager (Male) |
| 2:25 | Create | Villager (Male) |
| 2:55 | Create | Villager (Male) |
| 2:59 | Build | House |
| 3:15 | Research | Loom |
| 4:01 | Create | Villager (Male) |
| 4:03 | Create | Villager (Male) |
| 4:28 | Create | Villager (Male) |
| 5:08 | Create | Villager (Male) |
| 5:17 | Create | Villager (Male) |
| 5:35 | Create | Villager (Male) |
| 6:13 | Create | Villager (Male) |
| 6:15 | Build | Mill |
| 6:18 | Build | House |
| 6:48 | Build | Mill |
| 6:54 | Create | Villager (Male) |
| 7:14 | Create | Villager (Male) |
| 7:31 | Create | Villager (Male) |
| 7:51 | Build | Mining Camp |
| 8:06 | Create | Villager (Male) |
| 8:25 | Create | Villager (Male) |
| 8:51 | Build | Farm |
| 8:53 | Research | Feudal Age |
| 9:15 | Build | Farm |
| 9:32 | Build | House |
| 9:57 | Build | Farm |
| 10:56 | Create | Villager (Male) |
| 10:56 | Create | Villager (Male) |
| 11:11 | Age | Feudal Age |
| 11:16 | Build | Barracks |
| 11:23 | Research | Double-Bit Axe |
| 11:39 | Create | Villager (Male) |
| 11:45 | Build | Palisade Wall |
| 11:45 | Build | Palisade Wall |
| 11:48 | Build | Palisade Wall |
| 11:50 | Build | Palisade Wall |
| 12:05 | Create | Villager (Male) |
| 12:20 | Build | Archery Range |
| 12:41 | Create | Villager (Male) |
| 12:52 | Create | Villager (Male) |
| 13:00 | Build | Blacksmith |
| 13:04 | Create | Archer |
| 13:10 | Create | Archer |
| 13:25 | Create | Villager (Male) |
| 13:37 | Create | Archer |
| 13:39 | Build | House |
| 13:42 | Build | House |
| 14:00 | Build | House |
| 14:01 | Build | House |
| 14:10 | Create | Archer |
| 14:19 | Create | Villager (Male) |
| 14:22 | Build | Farm |
| 14:29 | Create | Villager (Male) |
| 14:51 | Create | Archer |
| 15:15 | Create | Archer |
| 15:16 | Create | Villager (Male) |
| 15:19 | Build | House |
| 15:27 | Research | Castle Age |
| 16:06 | Build | Mining Camp |
| 16:09 | Build | Mining Camp |
| 16:19 | Research | Horse Collar |
| 17:03 | Build | Farm |
| 17:04 | Build | Farm |
| 17:05 | Build | Farm |
| 17:06 | Build | Farm |
| 17:09 | Build | Farm |
| 17:13 | Build | House |
| 18:12 | Create | Villager (Male) |
| 18:21 | Age | Castle Age |
| 18:27 | Research | Fletching |
| 18:31 | Research | Bow Saw |
| 18:34 | Create | Villager (Male) |
| 18:36 | Build | House |
| 18:49 | Research | Town Watch |
| 19:12 | Build | Outpost |
| 19:15 | Create | Villager (Male) |
| 19:36 | Build | Farm |
| 19:38 | Create | Villager (Male) |
| 19:58 | Build | Siege Workshop |
| 20:05 | Create | Villager (Male) |
| 20:39 | Build | Market |
| 20:48 | Build | Outpost |
| 20:54 | Create | Villager (Male) |
| 21:15 | Create | Battering Ram |
| 21:17 | Create | Villager (Male) |
| 21:28 | Create | Villager (Male) |
| 22:12 | Build | Archery Range |
| 22:14 | Create | Skirmisher |
| 22:18 | Research | Crossbowman (upgrade) |
| 22:18 | Create | Archer |
| 22:22 | Create | Villager (Male) |
| 22:25 | Create | Villager (Male) |
| 22:34 | Build | Town Center |
| 22:54 | Create | Archer |
| 22:57 | Create | Mangonel |
| 23:26 | Build | Stone Wall |
| 23:33 | Create | Archer |
| 23:34 | Create | Villager (Male) |
| 23:38 | Create | Villager (Male) |
| 23:38 | Create | Villager (Male) |
| 23:39 | Create | Villager (Male) |
| 23:39 | Create | Villager (Male) |
| 24:02 | Create | Battering Ram |
| 24:06 | Create | Archer |
| 24:09 | Create | Villager (Male) |
| 24:11 | Create | Archer |
| 24:11 | Create | Archer |
| 24:12 | Create | Villager (Male) |
| 24:20 | Build | Castle |
| 24:27 | Build | Town Center |
| 24:29 | Create | Villager (Male) |
| 24:46 | Build | House |
| 25:02 | Create | Archer |
| 25:02 | Create | Archer |
| 25:17 | Create | Villager (Male) |
| 25:17 | Create | Villager (Male) |
| 25:17 | Create | Villager (Male) |
| 25:20 | Build | House |
| 25:24 | Research | Heavy Plow |
| 25:32 | Build | Lumber Camp |
| 25:48 | Create | Archer |
| 25:48 | Create | Archer |
| 26:15 | Build | Siege Workshop |
| 26:27 | Create | Archer |
| 26:27 | Create | Archer |
| 26:30 | Create | Villager (Male) |
| 26:32 | Create | Villager (Male) ×3 |
| 26:40 | Build | Mining Camp |
| 26:57 | Create | Genoese Crossbowman |
| 26:57 | Create | Genoese Crossbowman |
| 27:05 | Research | Bodkin Arrow |
| 27:13 | Create | Mangonel |
| 27:18 | Build | Archery Range |
| 27:21 | Create | Archer |
| 27:21 | Create | Archer |
| 27:22 | Create | Villager (Male) |
| 27:28 | Build | Farm |
| 27:28 | Build | Farm |
| 27:29 | Build | Farm |
| 27:29 | Build | Farm |
| 27:29 | Build | Farm |
| 27:29 | Build | Farm |
Build order — ike
First 150 of 230 actions detected
| 0:01 | Create | Villager (Male) |
| 0:01 | Create | Villager (Male) |
| 0:02 | Build | House |
| 0:03 | Build | House |
| 0:21 | Create | Villager (Male) |
| 0:21 | Create | Villager (Male) |
| 0:37 | Research | Loom |
| 0:40 | Create | Villager (Male) |
| 0:41 | Create | Villager (Male) |
| 1:21 | Create | Villager (Male) |
| 1:38 | Build | Palisade Wall |
| 1:49 | Create | Villager (Male) |
| 2:12 | Build | Lumber Camp |
| 2:13 | Create | Villager (Male) |
| 3:02 | Build | Palisade Wall |
| 3:14 | Create | Villager (Male) |
| 3:29 | Build | Palisade Wall |
| 3:49 | Create | Villager (Male) |
| 3:57 | Build | Palisade Wall |
| 4:05 | Build | House |
| 5:00 | Build | House |
| 5:03 | Build | Palisade Wall |
| 5:17 | Build | Palisade Wall |
| 5:27 | Create | Villager (Male) |
| 5:33 | Create | Villager (Male) |
| 5:33 | Create | Villager (Male) |
| 5:59 | Build | Palisade Wall |
| 6:15 | Create | Villager (Male) |
| 6:25 | Create | Villager (Male) |
| 6:26 | Create | Villager (Male) |
| 7:08 | Build | Palisade Wall |
| 7:14 | Create | Villager (Male) |
| 7:15 | Create | Villager (Male) |
| 7:15 | Create | Villager (Male) |
| 7:49 | Build | Mill |
| 7:50 | Create | Villager (Male) |
| 8:09 | Build | House |
| 8:53 | Create | Villager (Male) |
| 8:54 | Create | Villager (Male) |
| 8:54 | Create | Villager (Male) |
| 8:55 | Create | Villager (Male) |
| 9:34 | Build | Palisade Wall |
| 10:13 | Research | Feudal Age |
| 10:32 | Build | Palisade Wall |
| 10:49 | Build | Mill |
| 10:58 | Build | House |
| 11:00 | Build | House |
| 11:43 | Build | Barracks |
| 12:14 | Create | Villager (Male) |
| 12:14 | Create | Villager (Male) |
| 12:23 | Age | Feudal Age |
| 12:25 | Create | Villager (Male) |
| 12:26 | Create | Villager (Male) |
| 13:05 | Build | Archery Range |
| 13:35 | Build | Mining Camp |
| 13:42 | Create | Archer |
| 13:48 | Create | Villager (Male) |
| 13:48 | Create | Villager (Male) |
| 14:29 | Create | Archer |
| 14:51 | Create | Archer |
| 14:59 | Research | Town Watch |
| 15:50 | Create | Villager (Male) |
| 15:51 | Create | Villager (Male) |
| 15:51 | Create | Villager (Male) |
| 16:09 | Build | House |
| 16:18 | Create | Villager (Male) |
| 16:18 | Create | Villager (Male) |
| 16:28 | Build | Blacksmith |
| 16:48 | Create | Archer |
| 16:48 | Create | Archer |
| 17:02 | Research | Fletching |
| 17:12 | Build | Market |
| 17:29 | Build | Farm |
| 17:29 | Build | Farm |
| 17:34 | Build | Farm |
| 17:41 | Build | House |
| 17:55 | Create | Archer |
| 17:56 | Create | Archer |
| 18:13 | Build | Farm |
| 18:15 | Build | Farm |
| 18:36 | Create | Villager (Male) |
| 18:37 | Create | Villager (Male) |
| 18:42 | Build | Farm |
| 18:47 | Research | Horse Collar |
| 19:01 | Build | Farm |
| 19:03 | Create | Villager (Male) |
| 19:07 | Build | Farm |
| 19:20 | Build | House |
| 19:22 | Build | House |
| 19:26 | Build | Farm |
| 19:33 | Create | Villager (Male) |
| 19:36 | Research | Double-Bit Axe |
| 19:57 | Build | Farm |
| 20:01 | Build | Farm |
| 20:08 | Build | Farm |
| 20:17 | Build | Farm |
| 20:20 | Create | Villager (Male) |
| 20:21 | Create | Villager (Male) |
| 20:33 | Build | House |
| 20:35 | Build | House |
| 20:53 | Build | Farm |
| 20:57 | Build | Farm |
| 21:10 | Build | Farm |
| 21:15 | Build | Farm |
| 21:18 | Build | Farm |
| 21:19 | Create | Villager (Male) |
| 21:46 | Build | House |
| 21:54 | Research | Castle Age |
| 22:33 | Create | Archer |
| 22:33 | Create | Archer |
| 22:48 | Build | House |
| 22:51 | Research | Padded Archer Armor |
| 23:35 | Create | Villager (Male) ×5 |
| 23:44 | Create | Archer |
| 23:45 | Create | Archer |
| 23:45 | Create | Archer |
| 23:52 | Create | Archer |
| 24:20 | Research | Stone Mining |
| 24:21 | Research | Gold Mining |
| 24:34 | Age | Castle Age |
| 24:36 | Build | Siege Workshop |
| 24:42 | Build | Town Center |
| 24:49 | Research | Crossbowman (upgrade) |
| 24:57 | Research | Bodkin Arrow |
| 25:14 | Create | Mangonel |
| 25:18 | Build | Farm |
| 25:30 | Build | Mining Camp |
| 25:35 | Create | Villager (Male) |
| 25:36 | Create | Villager (Male) |
| 25:36 | Create | Villager (Male) |
| 25:38 | Create | Villager (Male) |
| 25:38 | Create | Villager (Male) |
| 25:39 | Create | Villager (Male) |
| 26:29 | Create | Mangonel |
| 26:33 | Create | Villager (Male) |
| 26:33 | Create | Villager (Male) |
| 26:37 | Create | Villager (Male) |
| 26:37 | Create | Villager (Male) |
| 27:22 | Create | Villager (Male) |
| 27:23 | Create | Villager (Male) |
| 27:24 | Create | Villager (Male) |
| 27:25 | Create | Villager (Male) |
| 27:49 | Build | Castle |
| 27:59 | Create | Villager (Male) |
| 27:59 | Create | Villager (Male) |
| 28:06 | Create | Villager (Male) |
| 28:17 | Build | Town Center |
| 28:25 | Create | Villager (Male) |
| 28:27 | Create | Villager (Male) |
| 29:01 | Build | Town Center |
Build order — Skull
First 150 of 326 actions detected
| 0:00 | Create | Villager (Male) |
| 0:01 | Build | House |
| 0:05 | Create | Villager (Male) ×3 |
| 1:35 | Create | Villager (Male) |
| 1:36 | Create | Villager (Male) |
| 1:42 | Build | House |
| 2:04 | Create | Villager (Male) |
| 2:24 | Create | Villager (Male) |
| 2:35 | Build | Lumber Camp |
| 2:59 | Create | Villager (Male) |
| 3:15 | Build | Palisade Wall |
| 3:18 | Build | Palisade Wall |
| 3:21 | Build | Palisade Wall |
| 3:22 | Create | Villager (Male) |
| 3:28 | Build | Palisade Wall |
| 3:32 | Build | Palisade Wall |
| 3:35 | Build | Palisade Wall |
| 3:36 | Build | House |
| 3:48 | Create | Villager (Male) |
| 4:09 | Create | Villager (Male) |
| 4:40 | Create | Villager (Male) |
| 4:54 | Build | Palisade Wall |
| 4:55 | Build | Palisade Wall |
| 5:04 | Create | Villager (Male) |
| 5:34 | Create | Villager (Male) |
| 5:43 | Create | Villager (Male) |
| 6:03 | Research | Loom |
| 6:08 | Create | Villager (Male) |
| 6:18 | Build | Mill |
| 6:20 | Build | House |
| 7:03 | Build | House |
| 7:15 | Create | Villager (Male) |
| 7:32 | Create | Villager (Male) |
| 7:43 | Create | Villager (Male) |
| 8:04 | Build | Palisade Wall |
| 8:06 | Build | Palisade Wall |
| 8:07 | Create | Villager (Male) |
| 8:35 | Create | Villager (Male) |
| 9:08 | Create | Villager (Male) |
| 9:24 | Research | Feudal Age |
| 9:26 | Build | Mining Camp |
| 10:37 | Create | Villager (Male) |
| 11:34 | Age | Feudal Age |
| 11:37 | Build | Market |
| 11:41 | Build | Blacksmith |
| 11:46 | Create | Villager (Male) |
| 12:15 | Build | Outpost |
| 12:19 | Create | Villager (Male) |
| 12:40 | Research | Castle Age |
| 13:12 | Research | Double-Bit Axe |
| 13:29 | Build | Stone Wall |
| 13:31 | Build | Stone Wall |
| 13:32 | Build | Stone Wall |
| 13:32 | Build | Stone Wall |
| 13:33 | Build | Stone Wall |
| 13:34 | Build | Stone Wall |
| 13:35 | Build | Stone Wall |
| 13:36 | Build | Stone Wall |
| 13:44 | Build | Mining Camp |
| 13:51 | Build | Stone Wall |
| 13:54 | Build | Stone Wall |
| 13:54 | Build | Stone Wall |
| 13:55 | Build | Stone Wall |
| 14:05 | Research | Horse Collar |
| 14:10 | Build | Farm |
| 14:11 | Build | Farm |
| 14:20 | Build | Farm |
| 14:22 | Build | Farm |
| 14:45 | Create | Villager (Male) |
| 15:29 | Age | Castle Age |
| 15:31 | Build | Town Center |
| 15:31 | Create | Villager (Male) |
| 15:36 | Build | Town Center |
| 15:43 | Research | Bow Saw |
| 15:44 | Create | Villager (Male) |
| 15:49 | Build | House |
| 16:05 | Create | Villager (Male) |
| 16:28 | Build | House |
| 16:30 | Build | Farm |
| 16:33 | Build | Farm |
| 16:34 | Create | Villager (Male) |
| 16:53 | Create | Villager (Male) |
| 17:05 | Build | Farm |
| 17:08 | Create | Villager (Male) |
| 17:10 | Create | Villager (Male) |
| 17:19 | Create | Villager (Male) |
| 17:19 | Create | Villager (Male) |
| 17:21 | Create | Villager (Male) |
| 17:24 | Build | Farm |
| 17:27 | Build | Farm |
| 17:42 | Create | Villager (Male) |
| 17:57 | Create | Villager (Male) |
| 18:12 | Create | Villager (Male) |
| 18:12 | Create | Villager (Male) |
| 18:14 | Build | Farm |
| 18:16 | Build | Farm |
| 18:16 | Build | Farm |
| 18:18 | Build | Farm |
| 18:22 | Create | Villager (Male) |
| 18:23 | Build | Farm |
| 18:26 | Build | Farm |
| 18:32 | Create | Villager (Male) |
| 18:33 | Create | Villager (Male) |
| 18:48 | Create | Villager (Male) |
| 18:50 | Build | Farm |
| 18:52 | Build | Farm |
| 18:55 | Build | House |
| 18:57 | Create | Villager (Male) |
| 18:57 | Create | Villager (Male) |
| 19:15 | Create | Villager (Male) |
| 19:15 | Create | Villager (Male) |
| 19:18 | Build | Farm |
| 19:24 | Build | Farm |
| 19:26 | Build | Farm |
| 19:27 | Build | Farm |
| 19:30 | Build | Farm |
| 19:38 | Research | Wheelbarrow |
| 19:43 | Build | Farm |
| 19:44 | Create | Villager (Male) |
| 19:47 | Build | Farm |
| 19:54 | Create | Villager (Male) |
| 19:55 | Create | Villager (Male) |
| 20:07 | Build | House |
| 20:08 | Build | House |
| 20:08 | Create | Villager (Male) |
| 20:17 | Create | Villager (Male) |
| 20:17 | Create | Villager (Male) |
| 20:20 | Build | Farm |
| 20:21 | Build | Farm |
| 20:30 | Create | Villager (Male) |
| 20:31 | Create | Villager (Male) |
| 20:43 | Create | Villager (Male) |
| 21:07 | Build | Siege Workshop |
| 21:08 | Create | Villager (Male) |
| 21:09 | Create | Villager (Male) |
| 21:11 | Build | House |
| 21:17 | Build | Town Center |
| 21:20 | Create | Villager (Male) |
| 21:20 | Create | Villager (Male) |
| 21:44 | Build | House |
| 21:46 | Create | Villager (Male) |
| 21:46 | Create | Villager (Male) |
| 21:46 | Create | Villager (Male) |
| 21:46 | Create | Villager (Male) |
| 21:54 | Create | Iron Pagoda |
| 22:02 | Create | Villager (Male) |
| 22:07 | Build | Stone Wall |
| 22:09 | Build | Stone Wall |
| 22:12 | Create | Villager (Male) |
| 22:12 | Create | Villager (Male) |
Build order — Nasup
First 150 of 273 actions detected
| 0:00 | Create | Villager (Male) |
| 0:01 | Create | Villager (Male) |
| 0:01 | Create | Villager (Male) |
| 0:01 | Create | Villager (Male) |
| 0:02 | Build | House |
| 0:03 | Build | House |
| 1:21 | Create | Villager (Male) |
| 1:21 | Create | Villager (Male) |
| 1:53 | Build | Lumber Camp |
| 2:00 | Create | Villager (Male) |
| 2:14 | Create | Villager (Male) |
| 2:43 | Create | Villager (Male) |
| 2:43 | Create | Villager (Male) |
| 3:10 | Create | Villager (Male) |
| 3:38 | Create | Villager (Male) |
| 3:38 | Create | Villager (Male) |
| 3:38 | Create | Villager (Male) |
| 4:17 | Create | Villager (Male) |
| 4:20 | Build | House |
| 4:35 | Build | Palisade Wall |
| 4:54 | Create | Villager (Male) |
| 4:54 | Create | Villager (Male) |
| 5:14 | Research | Loom |
| 5:20 | Build | House |
| 5:41 | Create | Villager (Male) |
| 6:01 | Create | Villager (Male) |
| 6:23 | Create | Villager (Male) |
| 6:32 | Build | Barracks |
| 7:19 | Research | Feudal Age |
| 7:45 | Create | Militia |
| 7:46 | Create | Militia |
| 8:20 | Create | Militia |
| 8:20 | Create | Militia |
| 8:46 | Build | House |
| 9:29 | Age | Feudal Age |
| 9:29 | Build | House |
| 9:32 | Create | Villager (Male) |
| 9:42 | Research | Man-at-Arms (upgrade) |
| 9:51 | Build | Stone Wall |
| 9:53 | Create | Villager (Male) |
| 10:21 | Create | Villager (Male) |
| 10:53 | Build | Donjon |
| 11:12 | Create | Villager (Male) |
| 11:12 | Create | Villager (Male) |
| 11:14 | Build | Mill |
| 11:25 | Build | House |
| 12:01 | Create | Villager (Male) |
| 12:11 | Research | Double-Bit Axe |
| 12:11 | Research | Double-Bit Axe |
| 12:33 | Build | Mining Camp |
| 12:37 | Create | Villager (Male) |
| 12:56 | Create | Villager (Male) |
| 13:32 | Create | Villager (Male) |
| 13:36 | Research | Horse Collar |
| 13:38 | Build | Farm |
| 13:40 | Build | Farm |
| 13:42 | Build | Farm |
| 14:05 | Build | Outpost |
| 14:14 | Create | Villager (Male) |
| 14:17 | Build | Farm |
| 14:19 | Build | Farm |
| 14:37 | Build | Donjon |
| 14:43 | Create | Villager (Male) |
| 15:03 | Create | Villager (Male) |
| 15:13 | Build | Farm |
| 15:15 | Build | Farm |
| 15:17 | Build | Farm |
| 15:18 | Build | Farm |
| 15:20 | Create | Villager (Male) |
| 15:40 | Create | Villager (Male) |
| 15:43 | Build | Farm |
| 15:59 | Create | Villager (Male) |
| 16:14 | Build | Farm |
| 16:19 | Build | House |
| 16:26 | Build | Stone Wall |
| 16:33 | Create | Villager (Male) |
| 16:36 | Build | Farm |
| 16:40 | Build | Mining Camp |
| 17:07 | Build | House |
| 17:27 | Build | House |
| 17:45 | Create | Serjeant |
| 17:47 | Create | Villager (Male) |
| 17:47 | Create | Villager (Male) |
| 18:25 | Build | Stone Wall |
| 18:35 | Build | Gate |
| 18:38 | Create | Villager (Male) |
| 18:49 | Build | Farm |
| 18:53 | Build | Farm |
| 18:55 | Build | Farm |
| 18:59 | Build | Farm |
| 19:15 | Build | Stone Wall |
| 19:22 | Create | Villager (Male) |
| 19:22 | Create | Villager (Male) |
| 19:24 | Build | Market |
| 19:35 | Build | Blacksmith |
| 20:12 | Research | Castle Age |
| 20:18 | Create | Serjeant |
| 20:18 | Create | Serjeant |
| 20:25 | Build | Farm |
| 20:27 | Build | Farm |
| 20:30 | Build | Lumber Camp |
| 20:48 | Create | Serjeant |
| 20:49 | Research | Scale Mail Armor |
| 20:50 | Research | Scale Mail Armor |
| 21:01 | Create | Serjeant |
| 21:26 | Build | Mining Camp |
| 22:20 | Research | Forging |
| 22:22 | Research | Arson |
| 22:27 | Create | Serjeant |
| 22:27 | Create | Serjeant |
| 22:52 | Age | Castle Age |
| 22:54 | Build | Donjon |
| 23:09 | Create | Serjeant |
| 23:13 | Research | Chain Mail Armor |
| 23:13 | Research | Chain Mail Armor |
| 23:17 | Build | House |
| 23:21 | Research | Wheelbarrow |
| 23:33 | Build | Town Center |
| 24:06 | Create | Serjeant |
| 24:06 | Create | Serjeant |
| 24:08 | Create | Villager (Male) |
| 24:08 | Create | Villager (Male) |
| 24:11 | Build | House |
| 24:30 | Create | Serjeant |
| 24:30 | Create | Serjeant |
| 24:31 | Create | Villager (Male) |
| 24:31 | Create | Villager (Male) |
| 24:38 | Build | House |
| 25:10 | Create | Villager (Male) |
| 25:10 | Create | Villager (Male) |
| 25:10 | Create | Villager (Male) |
| 25:10 | Create | Villager (Male) |
| 25:20 | Build | Town Center |
| 25:26 | Build | Farm |
| 25:28 | Build | Farm |
| 25:30 | Build | Farm |
| 25:33 | Build | Farm |
| 25:34 | Build | Farm |
| 25:35 | Create | Villager (Male) |
| 25:35 | Create | Villager (Male) |
| 25:46 | Create | Spearman |
| 25:46 | Create | Serjeant |
| 25:50 | Create | Serjeant |
| 25:55 | Build | Farm |
| 25:56 | Research | Squires |
| 26:40 | Create | Villager (Male) |
| 26:40 | Create | Villager (Male) |
| 26:43 | Build | Farm |
| 26:50 | Create | Villager (Male) |
| 26:51 | Create | Villager (Male) |
Match timeline
| 1:38 | ike · wall_segment Palisade Wall x6 |
| 3:02 | ike · wall_segment Palisade Wall x1 |
| 3:15 | Skull · wall_segment Palisade Wall x1 |
| 3:18 | Skull · wall_segment Palisade Wall x1 |
| 3:21 | Skull · wall_segment Palisade Wall x1 |
| 3:28 | Skull · wall_segment Palisade Wall x1 |
| 3:29 | ike · wall_segment Palisade Wall x5 |
| 3:32 | Skull · wall_segment Palisade Wall x1 |
| 3:35 | Skull · wall_segment Palisade Wall x1 |
| 3:57 | ike · wall_segment Palisade Wall x7 |
| 4:35 | Nasup · wall_segment Palisade Wall x9 |
| 4:54 | Skull · wall_segment Palisade Wall x1 |
| 4:55 | Skull · wall_segment Palisade Wall x1 |
| 5:03 | ike · wall_segment Palisade Wall x5 |
| 5:17 | ike · wall_segment Palisade Wall x6 |
| 5:59 | ike · wall_segment Palisade Wall x6 |
| 6:32 | Nasup · first_building Barracks |
| 7:08 | ike · wall_segment Palisade Wall x8 |
| 8:04 | Skull · wall_segment Palisade Wall x1 |
| 8:06 | Skull · wall_segment Palisade Wall x6 |
| 9:29 | Nasup · age_up feudal |
| 9:34 | ike · wall_segment Palisade Wall x6 |
| 9:51 | Nasup · wall_segment Stone Wall x9 |
| 10:32 | ike · wall_segment Palisade Wall x6 |
| 10:53 | Nasup · first_building Donjon |
| 11:11 | Theresallwaysahole · age_up feudal |
| 11:16 | Theresallwaysahole · first_building Barracks |
| 11:34 | Skull · age_up feudal |
| 11:43 | ike · first_building Barracks |
| 11:45 | Theresallwaysahole · wall_segment Palisade Wall x1 |
| 11:45 | Theresallwaysahole · wall_segment Palisade Wall x1 |
| 11:48 | Theresallwaysahole · wall_segment Palisade Wall x4 |
| 11:50 | Theresallwaysahole · wall_segment Palisade Wall x4 |
| 12:20 | Theresallwaysahole · first_building Archery Range |
| 12:23 | ike · age_up feudal |
| 13:05 | ike · first_building Archery Range |
| 13:29 | Skull · wall_segment Stone Wall x1 |
| 13:31 | Skull · wall_segment Stone Wall x1 |
| 13:32 | Skull · wall_segment Stone Wall x1 |
| 13:32 | Skull · wall_segment Stone Wall x1 |
| 13:33 | Skull · wall_segment Stone Wall x1 |
| 13:34 | Skull · wall_segment Stone Wall x1 |
| 13:35 | Skull · wall_segment Stone Wall x1 |
| 13:36 | Skull · wall_segment Stone Wall x1 |
| 13:51 | Skull · wall_segment Stone Wall x1 |
| 13:54 | Skull · wall_segment Stone Wall x1 |
| 13:54 | Skull · wall_segment Stone Wall x1 |
| 13:55 | Skull · wall_segment Stone Wall x1 |
| 15:29 | Skull · age_up castle |
| 16:26 | Nasup · wall_segment Stone Wall x9 |
| 18:21 | Theresallwaysahole · age_up castle |
| 18:25 | Nasup · wall_segment Stone Wall x8 |
| 19:15 | Nasup · wall_segment Stone Wall x2 |
| 19:58 | Theresallwaysahole · first_building Siege Workshop |
| 20:44 | ike · first_market_buy 100 food |
| 21:07 | Skull · first_building Siege Workshop |
| 22:07 | Skull · wall_segment Stone Wall x1 |
| 22:09 | Skull · wall_segment Stone Wall x5 |
| 22:30 | Theresallwaysahole · first_market_buy 100 wood |
| 22:52 | Nasup · age_up castle |
| 23:26 | Theresallwaysahole · wall_segment Stone Wall x1 |
| 23:31 | Nasup · first_market_buy 100 stone |
| 24:20 | Theresallwaysahole · first_building Castle |
| 24:34 | ike · age_up castle |
| 24:36 | ike · first_building Siege Workshop |
| 25:23 | Theresallwaysahole · first_market_sell 100 wood |
| 27:41 | Skull · first_building Castle |
| 27:49 | ike · first_building Castle |
| 28:21 | Skull · first_building Barracks |
| 28:40 | Skull · age_up imperial |
| 28:57 | Skull · first_building Archery Range |
| 29:03 | Nasup · first_building Castle |
| 30:06 | Nasup · first_market_sell 100 food |
| 30:24 | Nasup · first_building Stable |
| 32:41 | Theresallwaysahole · wall_segment Stone Wall x12 |
| 32:47 | Theresallwaysahole · wall_segment Stone Wall x3 |
| 33:17 | Nasup · age_up imperial |
| 33:49 | Theresallwaysahole · first_building Monastery |
| 33:53 | ike · first_market_sell 100 wood |
| 34:09 | Skull · first_market_sell 500 wood |
| 35:20 | Theresallwaysahole · age_up imperial |
| 36:47 | ike · resign |
[ AI ANALYSIS · 1 CREDIT ]
What really happened in this match?
Wolo.gg analyzes every decision: build order, eco, micro, common mistakes by bracket. Personalized analysis on WhatsApp or Discord in 30 seconds.
Civ guide
Italians
Map guide
Black Forest
Perfil
Jugador #3199708